 Dungeon Crawl Stone Soup version 0.29-a0-284-gf9362112df (webtiles) character file.

Game seed: 9855042160081754401

70 GigaChad the Skirmisher (level 4, -9/40 HPs)
             Began as a Draconian Abyssal Knight on Apr 1, 2022.
             Was a Priest of Lugonu.
             Killed by nerve-wracking pain
             ... invoked by Grinder
              (11 damage)
             ... on level 3 of the Dungeon.
             The game lasted 00:09:41 (1153 turns).

GigaChad the Skirmisher (Draconian Abyssal Knight)  Turns: 1153, Time: 00:09:42

Health: -9/40      AC:  6    Str: 16    XL:     4   Next: 3%
Magic:  5/5        EV: 13    Int: 10    God:    Lugonu [***...]
Gold:   82         SH:  0    Dex: 19    Spells: 3/3 levels left

rFire   . . .      SeeInvis .   a - +1 falchion
rCold   . . .      Faith    .   (no shield)
rNeg    . . .      Spirit   .   (body armour unavailable)
rPois   .          Reflect  .   (helmet restricted)
rElec   .          Harm     .   (no cloak)
rCorr   .          Rampage  .   (no gloves)
Will    .....                   d - +0 pair of boots
Stlth   ++........              (no amulet)
HPRegen 0.13/turn               f - +6 ring of dexterity
MPRegen 0.09/turn               (no ring)

@: no status effects
A: AC +5, unfitting armour, cold-blooded
a: Renounce Religion, Depart the Abyss, Bend Space, Banish


You were on level 3 of the Dungeon.
You worshipped Lugonu.
Lugonu was most pleased with you.
You visited 1 branch of the dungeon, and saw 3 of its levels.
You visited the Abyss 1 time.

You collected 82 gold pieces.

Inventory:

Hand Weapons
 a - a +1 falchion (weapon)
 b - a +0 flail
 c - a +0 hand axe
 i - a +1 arbalest
 n - a +0 mace
Armour
 d - a +0 pair of boots (worn)
 l - the +5 ring mail of the Scribe {Will+ Str-5 Int+3 SInv}
   (You found it on level 2 of the Dungeon)

   Str:       It affects your strength (-5).
   Int:       It affects your intelligence (+3).
   SInv:      It lets you see invisible.
   Will:      It increases your willpower.
Jewellery
 f - a +6 ring of dexterity (left hand)
Wands
 m - a wand of flame (8)
Potions
 e - a potion of haste
 g - a potion of might
 h - a potion of ambrosia {unknown}
 j - a potion of curing {unknown}
 k - 3 potions of attraction {unknown}


   Skills:
 + Level 4.0 Fighting
 + Level 2.5 Long Blades
 + Level 1.4 Crossbows
 + Level 2.5 Dodging
 + Level 0.1 Stealth
 + Level 2.2 Invocations


You had 3 spell levels left.
You didn't know any spells.
Your spell library contained the following spells:

 Spells                   Type           Power      Damage    Failure   Level
 Blink                    Tloc           0%         N/A       50%         2
 Static Discharge         Conj/Air       0%         N/A       50%         2
 Dispel Undead            Necr           0%         3d6       98%         4
 Sticky Flame             Conj/Fire      0%         2d3       98%         4
 Manifold Assault         Tloc           0%         N/A       100%        5
 Storm Form               Tmut/Air       0%         N/A       100%        7


Dungeon Overview and Level Annotations

Branches:
Dungeon (3/15)

Altars:

Annotations:
D:3 Grinder


Innate Abilities, Weirdness & Mutations

Your plain brown scales are hard. (AC +5)
You cannot fit into any form of body armour.
You are cold-blooded and may be slowed by cold attacks.


Message History

Grinder hits you.
You hit Grinder.
Grinder is lightly wounded.
Grinder completely misses you.
You hit Grinder but do no damage.
Grinder is lightly wounded.
Grinder hits you.
You writhe in agony.
You hit Grinder. You tail-slap Grinder.
Grinder is moderately wounded.
Grinder hits you.
You hit Grinder but do no damage.
Your tail-slap misses Grinder.
Grinder is moderately wounded.
Grinder gestures at you. You resist with significant effort.
You hit Grinder.
Grinder is heavily wounded.
Grinder hits you.
You writhe in agony.
* * * LOW HITPOINT WARNING * * *
Grinder hits you.
* * * LOW HITPOINT WARNING * * *
You barely miss Grinder.
Grinder is moderately wounded.
Grinder gestures at you. Pain shoots through your body!
* * * LOW HITPOINT WARNING * * *
You slash Grinder!
Grinder is heavily wounded.
Grinder gestures at you. You resist with significant effort.
You hit Grinder.
Grinder is severely wounded.
Grinder misses you.
You hit Grinder.
Grinder is severely wounded.
Grinder closely misses you.
You barely miss Grinder.
Grinder is severely wounded.
Grinder gestures at you. Pain shoots through your body!
You die...

#.# ######.#
#......### ###
#......... ..#
#......### #.#
####.#.# # #.# #.#.#
##.###.# #.#.#
#..5@..########.#.#
#####..##.....#.#.###
#..##.....#.#....
#..#......#.#....
#..#......#.#....
#....†.)....#....
#.###########.... #.#
###........ #.#
#..........


You could see Grinder.

Vanquished Creatures
  2 adders
  3 worms
  2 ball pythons (D:1)
  2 endoplasms
  2 giant cockroaches (D:3)
  3 goblins
  5 hobgoblins
  2 jackals (D:2)
  3 kobolds
  4 quokkas
  4 bats
  4 frilled lizards
  5 rats
41 creatures vanquished.

Vanquished Creatures (others)
  A plant (D:1)
  4 toadstools (D:1)
5 creatures vanquished.

Grand Total: 46 creatures vanquished

Notes
Turn   | Place    | Note
-------+----------+-------------------------------------------
     0 | Abyss:1  | GigaChad the Draconian Abyssal Knight began the quest for
                  | the Orb.
     0 | Abyss:1  | Reached XP level 1. HP: 19/19 MP: 2/2
    25 | D:1      | Escaped the Abyss
    66 | D:1      | Found a faded altar of an unknown god.
   194 | D:1      | Reached XP level 2. HP: 22/27 MP: 3/3
   508 | D:2      | Reached skill level 4 in Fighting
   508 | D:2      | Reached XP level 3. HP: 27/33 MP: 4/4
   652 | D:2      | Reached *** piety under Lugonu
   730 | D:2      | Identified the +5 ring mail of the Scribe {Will+ Str-5
                  | Int+3 SInv}
   879 | D:3      | Reached skill level 1 in Crossbows
  1066 | D:3      | Reached XP level 4. HP: 40/40 MP: 5/5
  1136 | D:3      | Noticed Grinder
  1137 | D:3      | Paralysed by Grinder for 3 turns
  1149 | D:3      | HP: 1/40 [Grinder/nerve-wracking pain (9)]
  1153 | D:3      | Killed from afar by Grinder

Illustrated notes

Levels and vault maps discovered:
D:1:      ldierk_walled_garden_2, layout_rooms,
          dreamdust_ecumenical_altar_grove, minmay_hedge_maze
D:2:      layout_loops_ring
D:3:      layout_basic, uniq_grinder

Skill      XL: |  1  2  3 |
---------------+----------+-----
Fighting       | 4 |  4.0
Crossbows      | 1 |  1.4
Long Blades    | |  2.5
Dodging        | |  2.5
Stealth        | |  0.1
Invocations    | |  2.2

Action                   |  1- 3 |  4- 6 || total
-------------------------+-------+-------++-------
Melee: Falchion          |    67 |    11 ||    78
       Tailslap          |     8 |     1 ||     9
 Fire: Arbalest          |    35 |       ||    35
  Use: Scroll            |     5 |     1 ||     6
 Stab: Sleeping          |     1 |       ||     1
Armor: Skin              |    43 |       ||    43
Dodge: Dodged            |    65 |     3 ||    68

Table legend: (Time is in decaauts)
 A = Elapsed time spent in this place.
 B = Non-inter-level travel time spent in this place.
 C = Inter-level travel time spent in this place.
 D = Time resting spent in this place.
 E = Time spent auto-exploring this place.
 F = Levels seen in this place.
 G = Mean time per level.
                   A        B        C        D        E       F      G
               +--------+--------+--------+--------+--------+-----+--------+
         Total |   1192 |   1192 |      0 |      0 |      0 |   4 |  298.0 |
       Dungeon |   1167 |   1167 |      0 |      0 |      0 |   3 |  389.0 |
         Abyss |     25 |     25 |      0 |      0 |      0 |   1 |   25.0 |
               +--------+--------+--------+--------+--------+-----+--------+

Top non-repeatable levels by time:
     D:2: 469 daAuts
     D:1: 368 daAuts
     D:3: 329 daAuts
 Abyss:1: 25 daAuts
